 Dungeon Crawl Stone Soup version 0.20-a0-983-g35de22d (webtiles) character file.

20 Ordine the Insei (level 2, -6/18 HPs)
             Began as an Octopode Transmuter on Apr 10, 2017.
             Mangled by a gnoll
             ... wielding a +0 halberd
              (12 damage)
             ... on level 2 of the Dungeon.
             The game lasted 00:01:37 (203 turns).

Ordine the Insei (Octopode Transmuter)               Turns: 203, Time: 00:01:38

Health: -6/18      AC:  1    Str:  9    XL:     2   Next: 79%
Magic:  5/5        EV: 13    Int: 15    God:
Gold:   42         SH:  0    Dex: 12    Spells: 5/6 levels left

rFire    . . .     SeeInvis .     - Unarmed
rCold    . . .     Gourm    .   (no shield)
rNeg     . . .     Faith    .   (helmet restricted)
rPois    .         Spirit   .   (no amulet)
rElec    .         Reflect  .   (no ring)
rCorr    .         Harm     .   (no ring)
MR       .....                  (no ring)
Stlth    ++........             (no ring)
Regen    0.1/turn               (no ring)
MPRegen  0.1/turn               (no ring)
                                (no ring)
                                (no ring)

@: hasted, very quick
A: almost no armour, stealthy swim, amphibious, 8 rings, constrict 8, camouflage
1, gelatinous body 1
a: no special abilities


You were on level 2 of the Dungeon.
You were not hungry.

You visited 1 branch of the dungeon, and saw 2 of its levels.

You collected 42 gold pieces.

Inventory:

Missiles
 a - 12 arrows
 h - 24 stones (quivered)
Scrolls
 e - a scroll of recharging {unknown}
 g - a scroll of identify {unknown}
 i - 3 scrolls of enchant weapon {unknown}
 j - 2 scrolls of enchant armour {unknown}
Books
 b - a book of Changes

   Spells                             Type                      Level
   a - Beastly Appendage              Transmutation                1
   b - Sticks to Snakes               Transmutation                2
   c - Spider Form                    Transmutation/Poison         3
   d - Ice Form                       Ice/Transmutation            4
   e - Blade Hands                    Transmutation                5
Comestibles
 c - 3 bread rations
 f - 5 chunks of flesh
 k - a meat ration


   Skills:
 - Level 1.0 Fighting
 - Level 2.0 Dodging
 + Level 3.3 Unarmed Combat
 * Level 2.6 Spellcasting
 + Level 2.1 Transmutations


You had 5 spell levels left.
You knew the following spells:

 Your Spells              Type           Power        Failure   Level  Hunger
a - Beastly Appendage     Tmut           #.....       12%         1    #......


Dungeon Overview and Level Annotations

Branches:
Dungeon (2/15)

Altars:


Innate Abilities, Weirdness & Mutations

You cannot wear most types of armour.
You are very stealthy in the water. (Stealth+)
You are amphibious.
You can wear up to eight rings at the same time.
You can use your tentacles to constrict eight enemies at once.
Your skin changes colour to match your surroundings (Stealth+).
Your rubbery body absorbs attacks. (AC +1, EV +1)


Message History

You tentacle-slap the gnoll.
You kill the gnoll!
The gnoll barely misses you.
Found a robe.
Found two stone staircases leading up.
You see here a spear.
You closely miss the gnoll. Your grab misses the gnoll.
The gnoll hits you with a halberd.
You tentacle-slap the gnoll. Your grab misses the gnoll.
The gnoll is heavily wounded.
You tentacle-slap the gnoll. You grab the gnoll.
The gnoll is heavily wounded.
You constrict the gnoll. The gnoll closely misses you.
You tentacle-slap the gnoll.
The gnoll is severely wounded.
You constrict the gnoll, but do no damage.
You completely miss the gnoll.
The gnoll is severely wounded.
You constrict the gnoll. The gnoll hits you with a halberd!
Ouch! That really hurt!
You die...

###### ###
.....########..
...#.##.......####
...#.##.#........#
#.........##..##.#
..#..##.####..##)#
.##..##.####..##@#
.....##...)...##g.g...#
###.####......##...<...#
###.####......##..#.....
.......#...[.###.#.##..#
.##.##.#.....# #.##. [#
#.##.####### #.# . #
..##.# #<# # .####.#


You could see 2 gnolls.

Vanquished Creatures
  A gnoll (D:2)
  2 bats
  A goblin (D:1)
  2 hobgoblins
  A ball python (D:1)
  2 frilled lizards (D:1)
  2 kobolds (D:2)
11 creatures vanquished.

Notes
Turn   | Place    | Note
-------+----------+-------------------------------------------
     0 | D:1      | Ordine the Octopode Transmuter began the quest for the Orb.
     0 | D:1      | Reached XP level 1. HP: 13/13 MP: 3/3
   126 | D:1      | You fall through a shaft!
   151 | D:2      | Reached XP level 2. HP: 17/18 MP: 5/5
   203 | D:2      | Mangled by a gnoll

Vault maps used:
D:1:      dpeg_arrival_tiny_a, serial_bayou_pond_e
D:2:      first_bread

Action                   || total
-------------------------++-------
Melee: Unarmed           ||    34
       Constrict         ||     8
       Tentacles         ||     4
  Use: Potion            ||     1
 Stab: Sleeping          ||     1
Armor: Skin              ||     2
Dodge: Dodged            ||    30
